 Dungeon Crawl Stone Soup version 0.16.1-7-g2c6721e (webtiles) character file.

55 jacksonaction the Magician (level 3, 21/21 HPs)
             Began as an Octopode Wizard on Mar 29, 2015.
             Quit the game on level 2 of the Dungeon.
             The game lasted 00:13:47 (1846 turns).

jacksonaction the Magician (Octopode Wizard)        Turns: 1846, Time: 00:13:47

Health: 21/21      AC:  1    Str:  6    XL:     3   Next: 93%
Magic:  7/7        EV: 12    Int: 21    God:
Gold:   75         SH:  0    Dex: 10    Spells: 4 memorised, 0 levels left

rFire  . . .     SeeInvis .     (no weapon)
rCold  . . .     Clarity  .     (no shield)
rNeg   . . .     SustAb   .     b - +0 hat
rPois  .         Gourm    .     (no amulet)
rElec  .         Spirit   .     (no ring)
rCorr  .         Warding  .     (no ring)
rMut   .         Stasis   .     (no ring)
MR     .....                    (no ring)
Stlth  +++.......               (no ring)
                                (no ring)
                                (no ring)
                                (no ring)

@: not resistant to hostile enchantments, fairly stealthy
A: almost no armour, amphibious, 8 rings, constrict 8, camouflage 1, gelatinous
body 1
a: no special abilities


You were on level 2 of the Dungeon.
You were not hungry.

You visited 1 branch of the dungeon, and saw 2 of its levels.

You collected 75 gold pieces.

Inventory:

Hand weapons
 o - a +1 dagger of venom
Missiles
 a - 25 stones (quivered)
 k - 2 needles of frenzy
Armour
 b - a +0 hat (worn)
Scrolls
 e - a scroll of identify {unknown}
 p - a scroll of enchant armour {unknown}
 s - a scroll of immolation {unknown}
Potions
 i - a potion of cancellation {unknown}
 l - a potion of haste {unknown}
 m - a potion of cure mutation {unknown}
 n - a potion of ambrosia {unknown}
 q - a potion of invisibility {unknown}
Books
 c - a book of Minor Magic

   Spells                             Type                      Level
   a - Magic Dart                     Conjuration                  1
   b - Blink                          Translocation                2
   c - Call Imp                       Summoning                    2
   d - Repel Missiles                 Charms/Air                   2
   e - Slow                           Hexes                        2
   f - Conjure Flame                  Conjuration/Fire             3
   g - Mephitic Cloud                 Conjuration/Poison/Air       3
Comestibles
 d - 2 bread rations
 f - a beef jerky
 g - a meat ration
 h - a slice of pizza
 j - 3 fruits
 r - a chunk of flesh


   Skills:
 - Level 0.2 Fighting
 - Level 0.4 Throwing
 - Level 2.0 Dodging
 - Level 2.6 Stealth
 - Level 3.0 Spellcasting
 - Level 3.0 Conjurations
 + Level 2.0 Summonings
   Level 1.0 Translocations


You couldn't memorise any spells.
You knew the following spells:

 Your Spells              Type           Power        Failure   Level  Hunger
a - Magic Dart            Conj           ###.         4%          1    None
b - Call Imp              Summ           ##......     12%         2    ##.....
c - Conjure Flame         Conj/Fire      #.......     24%         3    ###....
d - Slow                  Hex            #.......     21%         2    ##.....


Dungeon Overview and Level Annotations

Branches:
Dungeon (2/15)

Altars:
Yredelemnul


Innate Abilities, Weirdness & Mutations

You cannot wear most types of armour.
You are amphibious.
You can wear up to eight rings at the same time.
You can use your tentacles to constrict many enemies at once.
Your skin changes colour to match your surroundings (Stealth).
Your rubbery body absorbs attacks (AC +1).


Message History

Aiming: Magic Dart
Press: ? - help, Shift-Dir - straight line, f/p - goblin
Aim: a goblin (severely wounded)
The magic dart hits the goblin.
You kill the goblin!
Your Summonings skill increases to level 2!
Casting: Magic Dart
Confirm with . or Enter, or press ? or * to list all spells.
Okay, then.
Casting: Magic Dart
Confirm with . or Enter, or press ? or * to list all spells.
Okay, then.
You start resting.
Magic restored.
Found a basalt altar of Yredelemnul.
You see here a goblin corpse.
Found a scroll labeled PNYBAUM TALUT.
s - a scroll labeled PNYBAUM TALUT
There is a basalt altar of Yredelemnul here.
Are you sure you want to abandon this character and quit the game? (Confirm with "yes".)

#.#.# ###.#.#
#.....########
#.###†........
#. #.####.###
#.###.#
#.....#
####.## #@#
#.# #.# #..
###


There were no monsters in sight!

Vanquished Creatures
  An adder (D:2)
  A worm (D:2)
  2 giant geckos
  2 oozes (D:1)
  4 bats
  13 goblins
  A hobgoblin (D:1)
  2 ball pythons
  A giant cockroach (D:1)
  3 giant newts
  4 kobolds (D:1)
  2 rats (D:1)
36 creatures vanquished.

Notes
Turn   | Place    | Note
--------------------------------------------------------------
     0 | D:1      | jacksonaction, the Octopode Wizard, began the quest for the Orb.
     0 | D:1      | Reached XP level 1. HP: 11/11 MP: 4/4
   242 | D:1      | Reached XP level 2. HP: 13/17 MP: 0/6
   324 | D:1      | Learned a level 2 spell: Call Imp
  1110 | D:1      | Reached XP level 3. HP: 21/21 MP: 5/7
  1115 | D:1      | Learned a level 3 spell: Conjure Flame
  1118 | D:1      | Learned a level 2 spell: Slow
  1838 | D:2      | Found a basalt altar of Yredelemnul.
  1846 | D:2      | Quit the game

Action                   || total
-------------------------++-------
Melee: Unarmed           ||     2
Throw: Stone             ||    26
 Cast: Magic Dart        ||    84
       Call Imp          ||     1
       Slow              ||     1
  Eat: Chunk             ||     3
